 Dungeon Crawl Stone Soup version 0.20-a0-1034-gb277f92 (webtiles) character file.

4272 mopl the Slicer (level 10, -1/56 HPs)
             Began as a Deep Elf Skald on Apr 21, 2017.
             Was an Elder of Kikubaaqudgha.
             Killed from afar by an electric eel (9 damage)
             ... with a bolt of electricity
             ... on level 8 of the Dungeon.
             The game lasted 00:30:18 (10640 turns).

mopl the Slicer (Deep Elf Skald)                   Turns: 10640, Time: 00:30:19

Health: -1/56      AC:  8    Str:  8      XL:     10   Next: 10%
Magic:  19/22      EV: 14    Int: 19      God:    Kikubaaqudgha [****..]
Gold:   607        SH:  0    Dex: 16 (17) Spells: 0/22 levels left

rFire    . . .     SeeInvis .   a - +0 rapier
rCold    . . .     Gourm    .   (no shield)
rNeg     . . .     Faith    .   E - +2 robe
rPois    .         Spirit   .   e - +2 hat
rElec    .         Reflect  .   O - +0 cloak
rCorr    .         Harm     .   (no gloves)
MR       +....                  x - +0 pair of boots
Stlth    ++++......             (no amulet)
Regen    0.2/turn               g - +3 ring of slaying
MPRegen  0.2/turn               (no ring)

@: infused
A: no striking features
a: Receive Corpses, Renounce Religion


You were on level 8 of the Dungeon.
You worshipped Kikubaaqudgha.
Kikubaaqudgha was greatly pleased with you.
You were very hungry.

You visited 1 branch of the dungeon, and saw 8 of its levels.
You also visited: Ossuary.

You collected 607 gold pieces.

Inventory:

Hand Weapons
 a - a +0 rapier (weapon)
 b - a +0 blowgun
 h - a +2 dagger of venom
Missiles
 C - 43 poisoned needles
 I - 8 tomahawks (quivered)
 K - 6 javelins
Armour
 e - a +2 hat (worn)
 x - a +0 pair of boots (worn)
 E - a +2 robe (worn)
 M - the +3 ring mail "Ciduc" {rElec rCorr Dex+5, unknown}
   (You found it on level 6 of the Dungeon)

   It affects your dexterity (+5).
   It insulates you from electricity.
   It protects you from acid and corrosion.
 O - a +0 cloak (worn)
Magical Staves
 q - an uncursed staff of fire
Jewellery
 g - a +3 ring of slaying (left hand)
Scrolls
 j - 5 scrolls of immolation {unknown}
 k - 4 scrolls of amnesia {unknown}
 o - 2 scrolls of noise {unknown}
 p - a scroll of fog {unknown}
 r - 3 scrolls of magic mapping {unknown}
 t - a scroll of random uselessness {unknown}
 w - 4 scrolls of remove curse {unknown}
 y - 4 scrolls of enchant weapon {unknown}
 F - 2 scrolls of teleportation
 H - a scroll of fear {unknown}
 J - 2 scrolls of enchant armour {unknown}
Potions
 f - a potion of magic
 l - a potion of brilliance
 m - 5 potions of flight
 n - 3 potions of ambrosia
 u - 2 potions of heal wounds
 z - a potion of curing
 B - 2 potions of agility {unknown}
 D - 2 potions of cancellation {unknown}
 L - 2 potions of resistance {unknown}
 P - a potion of berserk rage {unknown}
Books
 c - a book of Battle

   Spells                             Type                      Level
   a - Infusion                       Charms                       1
   b - Shroud of Golubria             Charms/Translocation         2
   c - Song of Slaying                Charms                       2
   d - Spectral Weapon                Hexes/Charms                 3
   e - Regeneration                   Charms/Necromancy            3
 v - Kikubaaqudgha's Grimoire of Evil Rites
   (Kikubaaqudgha gifted it to you on level 3 of the Dungeon)

   Spells                             Type                      Level
   a - Pain                           Necromancy                   1
   b - Corpse Rot                     Necromancy                   2
   c - Sublimation of Blood           Necromancy                   2
   d - Regeneration                   Charms/Necromancy            3
   e - Control Undead                 Necromancy                   4
 G - Kikubaaqudgha's Catalogue of Evil Rites
   (Kikubaaqudgha gifted it to you on level 5 of the Dungeon)

   Spells                             Type                      Level
   a - Animate Dead                   Necromancy                   4
   b - Bolt of Draining               Conjuration/Necromancy       5
   c - Agony                          Necromancy                   5
   d - Dispel Undead                  Necromancy                   5
   e - Death Channel                  Necromancy                   6
 N - a book of Conjurations

   Spells                             Type                      Level
   a - Magic Dart                     Conjuration                  1
   b - Searing Ray                    Conjuration                  2
   c - Dazzling Spray                 Conjuration/Hexes            3
   d - Fulminant Prism                Conjuration/Hexes            4
   e - Force Lance                    Conjuration/Translocation    4
   f - Iskenderun's Mystic Blast      Conjuration                  4
Comestibles
 d - 4 bread rations
 i - 3 meat rations
 A - 3 royal jellies


   Skills:
 + Level 4.1 Fighting
 * Level 10.5 Short Blades
 - Level 0.7 Armour
 + Level 3.4 Dodging
 + Level 7.4 Stealth
 + Level 6.8 Spellcasting
 - Level 7.0 Charms
 - Level 4.0 Necromancy


You couldn't memorise any spells.
You knew the following spells:

 Your Spells              Type           Power        Failure   Level  Hunger
a - Infusion              Chrm           ####         1%          1    None
b - Spectral Weapon       Hex/Chrm       ###.....     8%          3    #......
c - Corpse Rot            Necr           N/A          3%          2    None
d - Dispel Undead         Necr           ###.....     47%         5    #####..
e - Song of Slaying       Chrm           ####....     1%          2    None
f - Shroud of Golubria    Chrm/Tloc      ###.......   3%          2    None
r - Regeneration          Chrm/Necr      ####......   3%          3    #......
C - Control Undead        Necr           ###.......   19%         4    ###....


Dungeon Overview and Level Annotations

Branches:
Dungeon (8/15)             Temple (0/1) D:4            Lair (0/6) D:8

Altars:
Ashenzari
Elyvilon
Gozag
Hepliaklqana
Kikubaaqudgha
Okawaru
Sif Muna
Uskayaw
Vehumet
Wu Jian
Yredelemnul
The Shining One

Annotations:
D:3 bb, Grinder, Natasha


Message History

Confirm with . or Enter, or press ? or * to list all spells.
You extend your infusion's duration.
The electric eel shoots out a bolt of lightning at you!
The bolt of electricity hits you! x2
The bolt of electricity hits the electric eel.
The electric eel completely resists.
The electric eel shoots out a bolt of lightning at you!
The bolt of electricity hits you! x2
* * * LOW HITPOINT WARNING * * *
The bolt of electricity hits the electric eel.
The electric eel completely resists.
You barely miss the electric eel. You puncture the electric eel!
The electric eel is severely wounded.
The electric eel shoots out a bolt of lightning at you!
The bolt of electricity hits you!
* * * LOW HITPOINT WARNING * * *
The bolt of electricity hits you!
You die...
Kikubaaqudgha rasps: "You have failed me!
Welcome... death!"

≈≈≈≈≈≈..≈≈≈≈≈≈...# #.###...#
≈≈≈≈...≈..≈≈≈....######.......##
≈≈ ..≈≈≈.≈(..........#.....## ..
>..≈≈≈≈....###..### .....# ≈≈
..≈≈≈((≈≈..# ##.### #.....
≈≈≈.≈≈≈≈....####...###....#
≈.≈≈≈≈≈≈≈≈≈≈≈≈...##.....).....##
.≈≈≈≈≈≈≈≈≈≈≈≈≈.......#####.....#
.≈≈≈≈≈≈≈≈≈≈.≈≈.@####.# ####...
≈..≈≈≈≈≈≈≈....;.# #.## #....
..≈≈≈≈≈≈≈.....# ##..# ##..#.
............# #...## #..###
#..####...[###....# ##.## #
#..####.##..#..##.###.## #
#...##..###....##..#..# #
###......## ##..###....### ##
#....##..# ##.....##....###.


You could see an electric eel.

Vanquished Creatures
  Pikel (D:4)
  A hornet (D:7)
  The ghost of Kite the Firebug, an amateur DEFE (D:4)
  Duvessa (D:4)
  An orc warrior (D:8)
  2 phantoms (D:8)
  2 ogres (D:8)
  A centaur (D:5)
  3 wolves (D:8)
  A crocodile (D:8)
  4 bullfrogs
  Dowan (D:4)
  A scorpion (D:8)
  16 killer bees (D:7)
  2 electric eels (D:8)
  2 bullfrog zombies
  6 hounds
  A quasit (D:8)
  A crimson imp (D:6)
  8 orc priests
  3 bullfrog skeletons
  2 centaur skeletons
  6 orc wizards
  Natasha (twice) (D:3)
  An iguana (D:8)
  6 worker ants
  Terence (D:3)
  2 hound zombies
  8 mummies (Ossuary)
  A howler monkey zombie (D:6)
  A worker ant zombie (D:6)
  6 gnolls
  8 adders
  A shadow imp (D:5)
  3 oozes
  An adder zombie (D:8)
  2 worms
  2 dart slugs (D:1)
  10 leopard geckos
  28 orcs
  5 bats
  4 giant cockroaches
  8 goblins
  10 hobgoblins
  6 jackals
  3 quokkas
  A frilled lizard (D:2)
  2 hobgoblin zombies (Ossuary)
  A jackal skeleton (D:4)
  11 kobolds
  5 kobold zombies (Ossuary)
  A leopard gecko zombie (D:5)
  An orc zombie (Ossuary)
  A quokka zombie (D:5)
  9 rats
218 creatures vanquished.

Vanquished Creatures (others)
  A slave (D:4)
  3 orc wizards (D:4)
  A gnoll (D:4)
  6 orcs (D:4)
  A hobgoblin (D:4)
  4 kobolds (D:4)
  2 spectral weapons (Ossuary)
18 creatures vanquished.

Grand Total: 236 creatures vanquished

Notes
Turn   | Place    | Note
-------+----------+-------------------------------------------
     0 | D:1      | mopl the Deep Elf Skald began the quest for the Orb.
     0 | D:1      | Reached XP level 1. HP: 12/12 MP: 6/6
   246 | D:1      | Reached skill level 1 in Stealth
   271 | D:1      | Reached XP level 2. HP: 15/16 MP: 4/8
   275 | D:1      | Learned a level 2 spell: Song of Slaying
   278 | D:1      | Learned a level 2 spell: Shroud of Golubria
   483 | D:1      | Reached skill level 2 in Stealth
   928 | D:2      | Reached XP level 3. HP: 20/20 MP: 9/9
   933 | D:2      | Learned a level 3 spell: Spectral Weapon
   985 | D:2      | Reached skill level 3 in Short Blades
  1017 | D:2      | Found an ancient bone altar of Kikubaaqudgha.
  1037 | D:2      | Became a worshipper of Kikubaaqudgha
  1564 | D:2      | Reached skill level 3 in Stealth
  1564 | D:2      | Reached XP level 4. HP: 18/25 MP: 3/10
  2559 | D:3      | Found a glowing golden altar of the Shining One.
  2559 | D:3      | Noticed Natasha
  2598 | D:3      | Reached skill level 4 in Short Blades
  2924 | D:3      | Reached XP level 5. HP: 29/29 MP: 2/11
  2967 | D:3      | Noticed Terence
  2973 | D:3      | Killed Terence
  2985 | D:3      | Found an iron altar of Okawaru.
  3048 | D:3      | Killed Natasha
  3048 | D:3      | Reached skill level 4 in Stealth
  3264 | D:3      | Reached * piety under Kikubaaqudgha
  3264 | D:3      | Identified Kikubaaqudgha's Grimoire of Evil Rites (Kikubaaqudgha gifted it to you on level 3 of the Dungeon)
  3264 | D:3      | Received a gift from Kikubaaqudgha
  3269 | D:3      | Learned a level 2 spell: Corpse Rot
  3312 | D:3      | Reached skill level 5 in Short Blades
  3356 | D:3      | Noticed Grinder
  3596 | D:3      | Reached XP level 6. HP: 25/34 MP: 8/12
  3632 | D:3      | Noticed Natasha
  3643 | D:3      | Killed Natasha
  4011 | D:4      | Found an opulent altar of Gozag.
  4089 | D:4      | Noticed a slave
  4162 | D:3      | Noticed Natasha
  4209 | D:4      | Found a sand-covered staircase.
  4213 | D:4      | Noticed Kite's ghost (amateur DEFE)
  4218 | Ossuary  | Entered an ossuary
  4510 | Ossuary  | Reached skill level 1 in Necromancy
  4599 | Ossuary  | Reached skill level 6 in Short Blades
  4880 | D:4      | Noticed Pikel
  4882 | D:4      | Noticed a slave
  4884 | D:4      | Noticed a slave
  4889 | D:4      | Noticed a slave
  4891 | D:4      | Killed Pikel
  4891 | D:4      | Reached skill level 7 in Short Blades
  4891 | D:4      | Reached skill level 5 in Spellcasting
  4891 | D:4      | Reached skill level 3 in Necromancy
  4891 | D:4      | Reached XP level 7. HP: 34/38 MP: 7/16
  4896 | D:4      | Learned a level 3 spell: Regeneration
  4908 | D:4      | Reached ** piety under Kikubaaqudgha
  5006 | D:4      | Killed Kite's ghost
  5173 | D:4      | Reached XP level 8. HP: 35/43 MP: 10/18
  5236 | D:4      | Noticed Duvessa
  5266 | D:4      | Killed Duvessa
  5280 | D:4      | Noticed Dowan
  5288 | D:4      | Killed Dowan
  5481 | D:4      | Found a staircase to the Ecumenical Temple.
  5624 | D:4      | Reached skill level 4 in Necromancy
  5724 | D:4      | Learned a level 4 spell: Control Undead
  6107 | D:5      | Entered Level 5 of the Dungeon
  6312 | D:5      | Reached skill level 8 in Short Blades
  6312 | D:5      | Reached skill level 6 in Spellcasting
  6651 | D:5      | Reached *** piety under Kikubaaqudgha
  6651 | D:5      | Identified Kikubaaqudgha's Catalogue of Evil Rites (Kikubaaqudgha gifted it to you on level 5 of the Dungeon)
  6651 | D:5      | Received a gift from Kikubaaqudgha
  6842 | D:5      | Reached skill level 2 in Fighting
  6965 | D:5      | Reached skill level 5 in Charms
  7078 | D:5      | Found a hide-covered altar of Uskayaw.
  7078 | D:5      | Found a radiant altar of Vehumet.
  7083 | D:5      | Found a basalt altar of Yredelemnul.
  7087 | D:5      | Found a hazy altar of Hepliaklqana.
  7089 | D:5      | Found a white marble altar of Elyvilon.
  7415 | D:6      | Reached skill level 5 in Stealth
  7691 | D:6      | Got an emerald-encrusted ring mail
  7789 | D:6      | Found an ornate altar of the Wu Jian Council.
  8056 | D:7      | Noticed a hornet
  8066 | D:7      | Killed a hornet
  8066 | D:7      | Reached skill level 9 in Short Blades
  8066 | D:7      | Reached skill level 6 in Charms
  8066 | D:7      | Reached XP level 9. HP: 38/49 MP: 12/20
  8093 | D:7      | Reached skill level 3 in Fighting
  8221 | D:7      | Reached skill level 6 in Stealth
  8743 | D:7      | Reached skill level 7 in Charms
  9310 | D:8      | Reached skill level 10 in Short Blades
  9448 | D:8      | Found a deep blue altar of Sif Muna.
  9469 | D:8      | Reached skill level 7 in Stealth
  9555 | D:8      | Reached skill level 3 in Dodging
  9610 | D:8      | Reached XP level 10. HP: 50/56 MP: 9/21
  9620 | D:7      | Learned a level 5 spell: Dispel Undead
  9675 | D:8      | Reached skill level 4 in Fighting
  9767 | D:8      | Reached **** piety under Kikubaaqudgha
 10068 | D:8      | Found a shattered altar of Ashenzari.
 10606 | D:8      | Found a staircase to the Lair.
 10640 | D:8      | Killed from afar by an electric eel

Vault maps used:
D:1:      dpeg_arrival_chambers_temple_mockup
D:2:      old_standard_altar
D:3:      tso_metal_star, okawaru_ov_weapons_minmay, st_stairs_10, uniq_terence,
          uniq_jessica, uniq_natasha, uniq_grinder
D:4:      corexii_shantytown, grunt_gozag_statues, minmay_temple_entry_trees,
          enter_ossuary_1, first_bread, uniq_pikel, uniq_duvessa
D:5:      chequers_temple_overflow_minitemple
D:6:      overflow_temple_1_default
D:8:      lemuel_crystal_altar, lemuel_blue_sif_altar, erik_lair_island
Ossuary:  ossuary_tomb_3

Skill      XL: |  1  2  3  4  5  6  7  8  9 10 |
---------------+-------------------------------+-----
Stealth        | 1 2 3 4 5 7 |  7.4
Short Blades   | 3 4 5 7 9 10 | 10.5
Necromancy     | 3 4 |  4.0
Spellcasting   | 5 6 |  6.8
Fighting       | 2 3 4 |  4.1
Charms         | 6 7 |  7.0
Dodging        | 3 |  3.4
Armour         | |  0.7

Action                   |  1- 3 |  4- 6 |  7- 9 | 10-12 || total
-------------------------+-------+-------+-------+-------++-------
Melee: Short sword       |    91 |    40 |       |       ||   131
       Rapier            |       |   144 |   387 |    40 ||   571
 Fire: Blowgun           |       |       |    19 |    41 ||    60
 Cast: Infusion          |     7 |    23 |    15 |     5 ||    50
       Shroud of Golubri |     5 |    15 |     5 |     1 ||    26
       Spectral Weapon   |       |     6 |     2 |     1 ||     9
       Corpse Rot        |       |     3 |    19 |     2 ||    24
       Regeneration      |       |       |    30 |    15 ||    45
       Control Undead    |       |       |     5 |       ||     5
Invok: Receive Corpses   |       |       |     7 |     1 ||     8
  Use: Scroll            |       |    10 |     1 |       ||    11
       Potion            |       |     1 |     2 |       ||     3
 Stab: Sleeping          |     4 |     2 |    21 |       ||    27
       Distracted        |       |     1 |     1 |       ||     2
  Eat: Chunk             |     1 |    11 |    18 |     4 ||    34
       Fruit             |       |     2 |     2 |       ||     4
       Royal jelly       |       |       |     1 |       ||     1
Armor: Leather armour    |    11 |    25 |     9 |       ||    45
       Robe              |       |       |    93 |     6 ||    99
       Skin              |       |       |    24 |       ||    24
Dodge: Dodged            |    62 |    91 |   217 |    25 ||   395
